 Dungeon Crawl Stone Soup version 0.31-a0-875-g02e7d12df6 (webtiles) character file.

Game seed: 2741732342601641946

1175 Shayle the Ruffian (level 8, -11/61 HPs)
             Began as a Human Shapeshifter on Oct 12, 2023.
             Was an Initiate of Ashenzari.
             Mangled by a komodo dragon (28 damage)
             ... on level 6 of the Dungeon.
             The game lasted 00:17:24 (5877 turns).

Shayle the Ruffian (Human Shapeshifter)             Turns: 5877, Time: 00:17:25

Health: -11/61     AC:  8    Str: 14    XL:     8   Next: 69%
Magic:  8/8        EV: 12    Int: 14    God:    Ashenzari [......]
Gold:   237        SH:  0    Dex: 12    Spells: 7/7 levels left

rFire   . . .        q - +1 short sword (elec)
rCold   . . .        (no shield)
rNeg    + . .        s - +2 ring mail {Will+}
rPois   .            (no helmet)
rElec   .            (no cloak)
rCorr   .            (no gloves)
SInv    .            D - +0 pair of boots
Will    +....        (no amulet)
Stlth   +            r - ring "Share My Mistrust" {rN+, Elem, Melee} (curse)
HPRegen 0.30/turn    b - ring of wizardry
MPRegen 0.11/turn

%: wizardry (x1)
@: no status effects
A: no striking features
a: Renounce Religion, Curse Item, Shatter the Chains


You were on level 6 of the Dungeon.
You worshipped Ashenzari.
Ashenzari was noncommittal.
You visited 1 branch of the dungeon, and saw 6 of its levels.
You also visited: Sewer.

You collected 237 gold pieces.

Inventory:

Hand Weapons
 g - a +3 dagger of speed
 q - a +1 short sword of electrocution (weapon)
 A - a +2 short sword of venom
Missiles
 u - 8 poisoned darts (quivered)
Armour
 a - a +0 animal skin
 s - a +2 ring mail of willpower (worn)
 D - a +0 pair of boots (worn)
Jewellery
 b - a ring of wizardry (right hand)
 r - the cursed ring "Share My Mistrust" (left hand) {rN+, Elem, Melee}
   (You found it on level 3 of the Dungeon)

   [ring of positive energy]

   rN+:       It protects you from negative energy.
   It has a curse which improves the following skills: Elements: Fire Magic, Ice
   Magic, Air Magic and Earth Magic.
   Melee Combat: Short Blades, Long Blades, Axes, Maces & Flails, Polearms,
   Staves and Unarmed Combat.
Talismans
 c - a beast talisman
 d - a flux talisman
Wands
 i - a wand of roots (1)
Scrolls
 e - a scroll of enchant weapon
 h - a scroll of immolation
 j - 3 scrolls of teleportation
 o - a scroll of blinking
 x - a scroll of vulnerability {unknown}
 y - a scroll of amnesia {unknown}
 B - a scroll of poison {unknown}
 C - a scroll of silence {unknown}
Potions
 f - 2 potions of curing
 k - 2 potions of cancellation
 l - 2 potions of might
 m - a potion of magic {unknown}
 n - a potion of berserk rage {unknown}
 p - 2 potions of attraction {unknown}
 t - a potion of invisibility {unknown}
 v - 2 potions of mutation {unknown}
 z - 2 potions of brilliance {unknown}


   Skills:
 + Level 4.4 Fighting
 + Level 4.8 Dodging
 + Level 5.3(5.7) Unarmed Combat
 + Level 1.6(1.9) Fire Magic
 + Level 1.5(1.8) Ice Magic
 + Level 1.6(1.9) Air Magic
 + Level 1.5(1.8) Earth Magic
 + Level 5.0 Shapeshifting


You had 7 spell levels left.
You didn't know any spells.
Your spell library contained the following spells:

 Spells                   Type           Power      Damage    Failure   Level
 Inner Flame              Hex/Fire       2%         N/A       43%         3
 Dazzling Flash           Conj/Hex       0%         N/A       54%         3
 Gell's Gravitas          Tloc           0%         N/A       54%         3
 Teleport Other           Tloc           0%         N/A       54%         3
 Flame Wave               Conj/Fire      2%         2d4       82%         4
 Sticky Flame             Conj/Fire      2%         2d3       82%         4
 Silence                  Hex/Air        1%         N/A       98%         5
 Agony                    Necr           0%         N/A       99%         5
 Dispersal                Tloc           0%         N/A       100%        6


Dungeon Overview and Level Annotations

Branches:
Dungeon (6/15)              Sewer (visited)
 Temple: D:4-7

Altars:
Ashenzari
Gozag
Makhleb
Okawaru
Ru
The Shining One


Message History

The komodo dragon barely misses you.
You hit the komodo dragon but do no damage.
The komodo dragon is moderately wounded.
The komodo dragon bites you!
You hit the komodo dragon but do no damage.
The komodo dragon is moderately wounded.
The komodo dragon closely misses you.
You hit the komodo dragon.
The komodo dragon is moderately wounded.
The komodo dragon closely misses you.
You hit the komodo dragon.
The komodo dragon is moderately wounded.
The komodo dragon bites you but does no damage.
You hit the komodo dragon.
The komodo dragon is moderately wounded.
The komodo dragon looks more healthy.
The komodo dragon bites you!!
You barely miss the komodo dragon. You punch the komodo dragon.
The komodo dragon is heavily wounded.
The komodo dragon barely misses you.
You hit the komodo dragon but do no damage.
You punch the komodo dragon.
The komodo dragon is heavily wounded.
The komodo dragon bites you.
You barely miss the komodo dragon.
The komodo dragon is heavily wounded.
The komodo dragon bites you!
* * * LOW HITPOINT WARNING * * *
You hit the komodo dragon but do no damage.
The komodo dragon is heavily wounded.
The komodo dragon bites you but does no damage.
You hit the komodo dragon but do no damage.
The komodo dragon is heavily wounded.
The komodo dragon misses you.
You hit the komodo dragon.
Lightning courses through the komodo dragon!!
The komodo dragon is almost dead.
The komodo dragon bites you!
* * * LOW HITPOINT WARNING * * *
You feel better. The komodo dragon bites you!!
You die...

#.....~...##.....)...>........
#.........#...<.......#..###..
#...........#........##.## #.#
#>.......# ##......###.####.#
#........# ###.###.....##...#
#..<.....# #...###(.##....###
#........###.##(((.....####
#####...)..$..(..##.####
#....##..$$@l...##..#####
......$###.#$_$#............#
....... ....$$$#............#
........>##.##.#............#
............................#
............##..###..........
.........# .##### ##.........
.. ##...####. ...#


You could see a komodo dragon.

Vanquished Creatures
  A wyvern (D:5)
  A water moccasin (D:4)
  An ogre (D:5)
  A centaur (D:5)
  A kobold brigand (Sewer)
  A howler monkey (D:5)
  2 jellies (D:5)
  5 hounds
  A gnoll bouda (D:4)
  3 iguanas
  5 gnolls (D:4)
  A river rat (D:4)
  12 adders
  An ufetubus (D:5)
  3 worms
  A dart slug (D:3)
  11 orcs
  5 bats
  11 endoplasms
  7 giant cockroaches
  6 hobgoblins
  8 jackals
  4 quokkas
  13 ball pythons
  3 frilled lizards
  10 goblins
  19 kobolds
  8 rats
145 creatures vanquished.

Notes
Turn   | Place    | Note
-------+----------+-------------------------------------------
     0 | D:1      | Shayle the Human Shapeshifter began the quest for the Orb.
     0 | D:1      | Reached XP level 1. HP: 15/15 MP: 1/1
   119 | D:1      | Reached XP level 2. HP: 21/21 MP: 2/2
   379 | D:1      | Found a faded altar of an unknown god.
   415 | D:1      | Reached XP level 3. HP: 14/26 MP: 3/3
   968 | D:2      | Reached XP level 4. HP: 26/33 MP: 4/4
  1518 | D:2      | Reached XP level 5. HP: 38/38 MP: 5/5
  1828 | D:3      | Found an iron altar of Okawaru.
  1832 | D:3      | Found a broken altar of Ashenzari.
  1905 | D:3      | Became a worshipper of Ashenzari the Shackled
  2122 | D:3      | Found a sacrificial altar of Ru.
  2706 | D:4      | Reached XP level 6. HP: 42/46 MP: 6/6
  2706 | D:4      | Found a glowing drain.
  2742 | Sewer    | Entered a sewer
  3332 | D:4      | Reached XP level 7. HP: 52/52 MP: 7/7
  3556 | D:4      | Noticed a water moccasin
  3652 | D:4      | Killed a water moccasin
  4074 | D:4      | Found a burning altar of Makhleb.
  4321 | D:5      | Entered Level 5 of the Dungeon
  4383 | D:5      | Reached XP level 8. HP: 53/60 MP: 8/8
  4396 | D:5      | Reached skill level 5 in Unarmed Combat
  4510 | D:5      | Reached skill level 1 in Fire Magic
  4510 | D:5      | Reached skill level 1 in Air Magic
  4756 | D:5      | Reached skill level 1 in Ice Magic
  4756 | D:5      | Reached skill level 1 in Earth Magic
  4851 | D:5      | Found a glowing golden altar of the Shining One.
  5311 | D:5      | Reached skill level 5 in Shapeshifting
  5365 | D:6      | Noticed a wyvern
  5380 | D:5      | Killed a wyvern
  5625 | D:6      | Found an opulent altar of Gozag.
  5653 | D:6      | Noticed a komodo dragon
  5877 | D:6      | Mangled by a komodo dragon

Illustrated notes

Levels and vault maps discovered:
D:1:      saegor_arrival_simple_d, layout_basic,
          hellmonk_ecumenical_altar_arch_garden
D:2:      layout_basic, minmay_snake_closets
D:3:      layout_basic, nicolae_overflow_crystal_walls,
          mainiacjoe_overflow_catwalk_spiral, minmay_pentangle
D:4:      minmay_opposing_rooms, layout_basic, nicolae_overflow_hidden_temple,
          gup_sewer_entry_bubbles
D:5:      layout_basic, amcnicky_altar_gilded
D:6:      layout_rooms, nicolae_gozag_seed_capital, serial_rivers,
          chequers_serial_rivers_micro_c, chequers_serial_rivers_small_a,
          chequers_serial_rivers_marsh, chequers_serial_rivers_micro_c,
          chequers_serial_rivers_marsh, chequers_serial_rivers_large_a

Skill      XL: |  1  2  3  4  5  6  7  8 |
---------------+-------------------------+-----
Fighting       | 2 3 4 |  4.4
Dodging        | 3 4 |  4.8
Unarmed Combat | 4 5 |  5.3
Shapeshifting  | 4 5 |  5.0
Fire Magic     | 1 |  1.6
Air Magic      | 1 |  1.6
Ice Magic      | 1 |  1.5
Earth Magic    | 1 |  1.5

Action                     |  1- 3 |  4- 6 |  7- 9 || total
---------------------------+-------+-------+-------++-------
  Melee: Unarmed           |    29 |       |       ||    29
         Dagger            |    59 |   297 |    35 ||   391
         Punch             |       |     5 |     6 ||    11
         Short sword       |       |       |   171 ||   171
  Throw: Dart              |       |     1 |    10 ||    11
 Invoke: Curse Item        |       |     1 |       ||     1
Ability: Begin Untransform |       |       |     1 ||     1
  Evoke: Wand              |       |     7 |     2 ||     9
    Use: Potion            |       |     1 |     5 ||     6
         Scroll            |       |       |     7 ||     7
 Armour: Animal skin       |    38 |    74 |       ||   112
         Ring mail         |       |    49 |   137 ||   186
         Skin              |       |       |     7 ||     7
  Dodge: Dodged            |    53 |   166 |   110 ||   329

Table legend: (Time is in decaauts)
 A = Elapsed time spent in this place.
 B = Non-inter-level travel time spent in this place.
 C = Inter-level travel time spent in this place.
 D = Time resting spent in this place.
 E = Time spent auto-exploring this place.
 F = Levels seen in this place.
 G = Mean time per level.
                   A        B        C        D        E       F      G
               +--------+--------+--------+--------+--------+-----+--------+
         Total |   5799 |   5617 |    182 |   1097 |   2820 |   7 |  828.4 |
       Dungeon |   5490 |   5308 |    182 |   1050 |   2690 |   6 |  915.0 |
         Sewer |    308 |    308 |      0 |     47 |    130 |   1 |  308.0 |
               +--------+--------+--------+--------+--------+-----+--------+

Top non-repeatable levels by time:
     D:4: 1432 daAuts
     D:5: 1432 daAuts
     D:2: 958 daAuts
     D:1: 840 daAuts
     D:3: 703 daAuts
   Sewer: 308 daAuts
     D:6: 123 daAuts
